 Dungeon Crawl Stone Soup version 0.31-b1-17-gcfd88c8481 (webtiles) character file.

Game seed: 1682476171593016555

408668 OlivierBoivin the Impregnable (level 22, 0/217 HPs)
             Began as a Minotaur Hunter on Jan 15, 2024.
             Was a High Priest of Okawaru.
             Slain by an ironbound convoker
             ... wielding a +0 great mace
              (10 damage)
             ... while paralysed by a sphinx
             ... on level 5 of the Vaults on Jan 16, 2024.
             The game lasted 03:05:29 (57792 turns).

OlivierBoivin the Impregnable (Minotaur Hunter)    Turns: 57792, Time: 03:05:29

Health: 0/217      AC: 30    Str: 17    XL:     22   Next: 42%
Magic:  0/40       EV:  2    Int:  6    God:    Okawaru [*****.]
Gold:   1693       SH:  0    Dex: 24    Spells: 21/21 levels left

rFire   + + .        E - +9 longbow (flame)
rCold   + + .        (shield currently unavailable)
rNeg    . . .        h - +6 scale mail {rC+}
rPois   +            y - +2 hat {Stlth+}
rElec   .            K - +2 cloak {rC+}
rCorr   .            M - +2 pair of gloves
SInv    .            O - +2 pair of boots {Fly}
Will    +....        g - amulet of guardian spirit
Stlth   ++++         Z - ring of the Octopus King {Fly HP+2 AC+2 EV+2 SH+2}
HPRegen 0.56/turn    q - ring "Fimpaez" {*Corrode ^Drain rPois rF++ MP+9}
MPRegen 0.27/turn

%: corrode self (3%), guardian spirit
@: paralysed, finesse-ful, corroded, flying
A: horns 2, retaliatory headbutt
}: 2/15 runes: serpentine, barnacled
a: Renounce Religion, Heroism, Finesse, Duel


You were on level 5 of the Vaults.
You worshipped Okawaru.
Okawaru was extremely pleased with you.
You visited 8 branches of the dungeon, and saw 40 of its levels.
You visited 1 bazaar.
You also visited: Ossuary, Bailey and Ice Cave.

You collected 4142 gold pieces.
You spent 2449 gold pieces at shops.

Inventory:

Hand Weapons
 E - a +9 longbow of flaming (weapon)
Missiles
 D - 4 throwing nets
Armour
 h - a +6 scale mail of cold resistance (worn)
 y - a +2 hat of stealth (worn)
 K - a +2 cloak of cold resistance (worn)
 M - a +2 pair of gloves (worn)
 O - a +2 pair of boots of flying (worn)
Magical Staves
 p - a staff of conjuration
 B - a staff of alchemy
Jewellery
 g - an amulet of guardian spirit (around neck)
 q - the ring "Fimpaez" (right hand) {*Corrode ^Drain rPois rF++ MP+9}
   (You found it on level 2 of the Dungeon)

   [ring of magical power]

   rF++:      It greatly protects you from fire.
   rPois:     It protects you from poison MP+9: It affects your magic capacity
   (+9).
   *Corrode:  It may corrode you when you take damage.
   ^Drain:    It drains your maximum health when unequipped.
 S - a ring of fire
 V - a ring of protection from cold
 Z - a ring of the Octopus King (left hand) {Fly HP+2 AC+2 EV+2 SH+2}
   (You bought it in a shop on level 2 of the Orcish Mines)

   [ring of flight]

   AC+2:      It affects your AC (+2).
   EV+2:      It affects your evasion (+2).
   HP+2:      It affects your health (+2).
   Fly:       It grants you flight.
   SH+2:      It affects your SH (+2).
Wands
 k - a wand of acid (15)
 m - a wand of digging (7)
 r - a wand of polymorph (19)
 u - a wand of flame (105)
 H - a wand of mindburst (36)
 P - a wand of iceblast (24)
Scrolls
 c - 8 scrolls of poison
 f - 16 scrolls of teleportation
 i - 18 scrolls of fog
 j - 2 scrolls of blinking
 n - 2 scrolls of revelation
 w - 5 scrolls of fear
 x - a scroll of acquirement
 A - a scroll of silence
 C - 6 scrolls of immolation
 I - 7 scrolls of noise
 J - 6 scrolls of vulnerability
 N - 3 scrolls of torment
 T - 9 scrolls of amnesia
 W - 8 scrolls of enchant armour
 X - 5 scrolls of enchant weapon
 Y - 20 scrolls of identify
Potions
 a - 2 potions of resistance
 b - 5 potions of brilliance
 d - 8 potions of enlightenment
 e - 2 potions of curing
 l - 6 potions of ambrosia
 o - 5 potions of lignification
 s - 6 potions of might
 t - 6 potions of attraction
 v - a potion of cancellation
 z - 2 potions of magic
 F - 10 potions of mutation
 G - 4 potions of berserk rage
 R - 3 potions of haste
 U - 6 potions of heal wounds
Miscellaneous
 L - a phial of floods
 Q - a tin of tremorstones (inert)


   Skills:
 - Level 22.0 Fighting
 - Level 20.0 Ranged Weapons
 - Level 22.0 Armour
 - Level 20.0 Dodging
 + Level 7.6 Stealth
 - Level 14.0 Invocations
 - Level 15.0 Evocations


You had 21 spell levels left.
You didn't know any spells.
Your spell library contained the following spells:

 Spells                   Type           Power      Damage    Failure   Level
 Freeze                   Ice            0%         1d3       67%         1
 Kiss of Death            Conj/Necr      0%         2d5       67%         1
 Magic Dart               Conj           0%         1d3       67%         1
 Necrotise                Necr           0%         1d4       67%         1
 Shock                    Conj/Air       0%         1d3       67%         1
 Blink                    Tloc           0%         N/A       82%         2
 Cigotuvi's Dreadful Rot  Necr/Alch/Air  0%         N/A       82%         2
 Jinxbite                 Hex            0%         N/A       82%         2
 Lesser Beckoning         Tloc           0%         N/A       82%         2
 Mercury Vapours          Alch/Air       0%         N/A       82%         2
 Momentum Strike          Conj/Tloc      0%         3d8       82%         2
 Sublimation of Blood     Necr           0%         N/A       82%         2
 Confusing Touch          Hex            0%         N/A       96%         3
 Frozen Ramparts          Ice            0%         1d1       96%         3
 Fugue of the Fallen      Necr           0%         N/A       96%         3
 Gell's Gravitas          Tloc           0%         N/A       96%         3
 Hailstorm                Conj/Ice       0%         3d5       96%         3
 Inner Flame              Hex/Fire       0%         N/A       96%         3
 Mephitic Cloud           Conj/Alch/Air  0%         N/A       96%         3
 Ozocubu's Armour         Ice            0%         N/A       96%         3
 Swiftness                Air            0%         N/A       96%         3
 Teleport Other           Tloc           0%         N/A       96%         3
 Vampiric Draining        Necr           0%         2d6       96%         3
 Airstrike                Air            0%         2d(0-16)  100%        4
 Anguish                  Hex/Necr       0%         N/A       100%        4
 Cause Fear               Hex            0%         N/A       100%        4
 Dispel Undead            Necr           0%         3d6       100%        4
 Flame Wave               Conj/Fire      0%         2d4       100%        4
 Fulminant Prism          Conj/Alch      0%         3d5       100%        4
 Manifold Assault         Tloc           0%         N/A       100%        4
 Olgreb's Toxic Radiance  Alch           0%         N/A       100%        4
 Passage of Golubria      Tloc           0%         N/A       100%        4
 Petrify                  Alch/Erth      0%         N/A       100%        4
 Sticky Flame             Fire/Alch      0%         2d4       100%        4
 Alistair's Intoxication  Alch           0%         N/A       100%        5
 Borgnjor's Vile Clutch   Necr/Erth      0%         N/A       100%        5
 Curse of Agony           Necr           0%         N/A       100%        5
 Fireball                 Conj/Fire      0%         3d3       100%        5
 Freezing Cloud           Conj/Ice/Air   0%         6-21      100%        5
 Irradiate                Conj/Alch      0%         3d11      100%        5
 Metabolic Englaciation   Hex/Ice        0%         N/A       100%        5
 Silence                  Hex/Air        0%         N/A       100%        5
 Yara's Violent Unravell  Hex/Alch       0%         3d3       100%        5
 Dispersal                Tloc           0%         N/A       100%        6
 Eringya's Noxious Bog    Alch           0%         4d6       100%        6
 Enfeeble                 Hex            0%         N/A       100%        7
 Lehudib's Crystal Spear  Conj/Erth      0%         10d2      100%        8
 Polar Vortex             Ice            0%         N/A       100%        9
 Call Imp                 Summ           Unusable   N/A       N/A         2
 Animate Dead             Necr           Unusable   N/A       N/A         4
 Martyr's Knell           Necr/Summ      Unusable   N/A       N/A         4
 Death Channel            Necr           Unusable   N/A       N/A         6
 Haunt                    Necr/Summ      Unusable   N/A       N/A         7
 Infestation              Necr           Unusable   N/A       N/A         8
 Dragon's Call            Summ           Unusable   N/A       N/A         9

Dungeon Overview and Level Annotations

Branches:
Dungeon (15/15)            Temple (1/1) D:7            Lair (5/5) D:10
 Shoals (4/4) Lair:3        Snake (4/4) Lair:2        Slime (0/5) Lair:5
    Orc (2/2) D:9             Elf (0/3) Orc:2        Vaults (5/5) D:13
  Crypt (0/3) Vaults:2     Depths (4/4) D:15            Zot (0/5) Depths:4
Ossuary (visited)          Bailey (visited)           IceCv (visited)

Altars:
Ashenzari
Cheibriados
Dithmenos
Elyvilon
Fedhas
Gozag
Hepliaklqana
Kikubaaqudgha
Makhleb
Nemelex Xobeh
Okawaru
Qazlal
Ru
Sif Muna
Trog
Uskayaw
Vehumet
Wu Jian
Xom
Yredelemnul
Zin
The Shining One
Jiyva

Shops:
D:2 [   D:4 ?   D:12 ([:   Orc:1 *[   Orc:2 :[=(*   Snake:1 [   Snake:4 =
Vaults:1 ?   Vaults:3 !

Portals:
Hell: Lair:5 Depths:1 Depths:2 Depths:3 Depths:4
Abyss: Depths:3
Pandemonium: Depths:3 Depths:4
Ziggurat: Depths:2

Annotations:
D:1 exclusion: downstairs
D:2 1 runed translucent door, Crazy Yiuf
D:5 exclusion: downstairs
D:7 exclusion: downstairs
D:8 2 runed translucent doors, exclusion: downstairs
D:9 1 runed translucent door
D:12 2 transporters, 1 runed translucent door, Driedwater's ghost, journeyman DsCK
D:15 3 runed translucent doors, Kuralita's ghost, journeyman OpSh
Shoals:1 2 transporters, Witt's ghost, adept GrFi
Vaults:4 1 runed translucent door, Feplao's ghost, adept DgSh


Innate Abilities, Weirdness & Mutations

You have a pair of horns on your head.
You reflexively headbutt those who attack you in melee.


Message History

You furiously retaliate!
You headbutt the ironbound convoker. The vault guard misses you.
You block the ironbound convoker's attack.
You hear a shout!
Fire: E) +9 longbow (flame)
Press: ? - help, Q - select action, (/) - cycle Shift-Dir - straight line, f/p - vault guard
Aim: a vault guard, wielding a +0 glaive and wearing a +0 plate armour (strong, 80% to hit)
You shoot an arrow.
The arrow hits the tengu reaver but does no damage.
The tengu reaver is lightly wounded.
The sphinx casts a spell.
You suddenly lose the ability to move!
You stop ascending the stairs.
The tengu reaver hits you with a +0 battleaxe!
The tengu reaver pecks you.
The tengu reaver claws you but does no damage.
The ironbound convoker hits you but does no damage.
The vault guard hits you from afar with a +0 glaive!
The ironbound convoker hits you with a +0 flail!!
A war gargoyle comes into view.
It is wielding a +0 morningstar of venom.
The ironbound convoker hits you with a +0 great mace!!
The tengu reaver hits you but does no damage.
The tengu reaver pecks you!
The tengu reaver claws you but does no damage.
The vault guard hits you from afar with a +2 glaive of protection.
The vault guard hits you from afar with a +0 glaive!!
* * * LOW HITPOINT WARNING * * *
The ironbound convoker hits you but does no damage.
The sphinx hits you!
* * * LOW HITPOINT WARNING * * *
The sphinx hits you.
* * * LOW HITPOINT WARNING * * *
The sphinx hits you but does no damage. The phantasmal warrior gestures at you.
The phantasmal warrior blinks!
The tengu reaver hits you with a +0 battleaxe!!
* * * LOW HITPOINT WARNING * * *
The tengu reaver pecks you but does no damage.
The tengu reaver claws you but does no damage.
The ironbound convoker hits you with a +0 great mace!
You die...

#..#....#
####..#....# .
......#....# ..
....#...W#...
............
#####§p..p...##
......Qpp<.....
.....).@..<....
........H<.....
...............
####......X..##
)............
.##[......#..#
# ##.#....#9.#
#.#....# ..


You could see a tentacled monstrosity, a sphinx (strong), a tengu reaver
(strong, repels missiles), 2 vault guards, a war gargoyle, a phantasmal warrior
and 2 ironbound convokers.

Vanquished Creatures
  An ancient lich (Arena)
  Boris (twice) (Depths:1 Depths:2)
  3 golden dragons
  the Enchantress (Arena)
  Rupert (D:14)
  A tentacled monstrosity (Vaults:4)
  2 liches
  A walking frostbound tome (Depths:3)
  A titan (Depths:3)
  A quicksilver dragon (Depths:3)
  5 sphinxes
  A walking divine tome (Depths:3)
  A kraken (Shoals:4)
  2 shadow dragons
  2 storm dragons
  Kirke (D:14)
  Agnes (D:15)
  Gastronok (D:8)
  2 tengu reavers
  Aizul (Shoals:1)
  3 nagarajas
  6 fire giants
  10 frost giants
  12 vault wardens
  2 draconian scorchers (Depths:4)
  A cacodemon (Depths:4)
  An iron dragon (Depths:3)
  A formless jellyfish (Vaults:4)
  2 orc warlords
  21 very ugly things
  10 ironbound thunderhulks
  14 ironbound preservers
  4 spriggan defenders
  7 stone giants
  2 vampire knights
  A purple draconian (Depths:4)
  A white draconian (Depths:4)
  2 deep elf annihilators (Depths:2)
  A green draconian (Depths:4)
  A war gargoyle (Vaults:3)
  A red draconian (Depths:4)
  10 spark wasps
  5 dire elephants
  2 yellow draconians (Depths:4)
  Snorg (Lair:4)
  2 merfolk javelineers (Shoals:4)
  3 ettins
  5 fire dragons
  9 merfolk impalers
  An entropy weaver (Vaults:2)
  3 jiangshi (Depths:3)
  4 crystal guardians
  Josephine (D:11)
  8 hydras
  5 great orbs of eyes
  11 yaktaur captains
  A spriggan air mage (Depths:4)
  9 rakshasas
  7 ironbound frosthearts
  28 vault guards
  12 anacondas
  An ogre mage (Vaults:4)
  3 peacekeepers
  6 ice dragons
  6 centaur warriors
  3 merfolk avatars
  8 salamander tyrants
  4 catoblepae
  A boulder beetle (Vaults:1)
  Erica (Orc:1)
  A death yak (Lair:5)
  12 deep troll earth magi
  An alligator snapping turtle (Shoals:4)
  6 deep troll shamans
  2 merfolk aquamancers (Shoals:4)
  3 vampire magi
  9 two-headed ogres
  12 naga warriors
  Urug (Orc:1)
  4 tengu warriors
  6 occultists
  3 spriggan berserkers
  5 orc high priests
  2 shock serpents
  The ghost of hawla the Gouger, a journeyman FeSh of Makhleb (Orc:2)
  A sun demon (Lair:5)
  11 naga sharpshooters
  Sonja (Lair:4)
  A sea snake (shapeshifter) (Depths:3)
  3 skeletal warriors
  10 skysharks
  14 sea snakes
  52 deep trolls
  6 glowing orange brains
  19 mana vipers
  6 iron trolls
  11 salamander mystics
  3 flayed ghosts (Depths:3)
  10 arcanists
  11 naga ritualists
  32 ironbound convokers
  8 harpies
  4 phantasmal warriors
  Pikel (D:7)
  3 necromancers
  3 lindwurms (Vaults:2)
  2 deep elf zephyrmancers
  11 orc knights
  8 large abominations (Depths:3)
  3 deep elf pyromancers
  6 orc sorcerers
  A shining eye (shapeshifter) (Depths:4)
  An oklob plant (Lair:5)
  50 ugly things
  Maurice (Orc:1)
  13 manticores
  22 salamanders
  12 cyclopes
  11 fauns
  A meliai (shapeshifter) (D:15)
  3 kobold blastminers (Orc:2)
  A meliai (D:14)
  13 elephants
  A water nymph (shapeshifter) (Depths:4)
  11 merfolk sirens
  43 black mambas
  A rust devil (D:15)
  3 ice statues (IceCv)
  12 vault sentinels
  2 torpor snails (Lair:5)
  A smoke demon (D:15)
  23 naga magi
  2 orange demons
  A gargoyle (D:13)
  3 guardian serpents
  5 water nymphs
  12 cane toads
  10 rime drakes
  21 yaktaurs
  An efreet (D:13)
  2 freezing wraiths
  3 kobold demonologists (D:10)
  9 komodo dragons
  5 tengu conjurers
  An anaconda simulacrum (IceCv)
  3 ice devils (Lair:5)
  2 polar bears
  A hellwing (Lair:5)
  13 trolls
  2 red devils
  A polar bear (shapeshifter) (D:10)
  24 merfolk
  10 wind drakes
  15 blink frogs
  11 snapping turtles
  9 dream sheep
  Sigmund (D:2)
  9 water elementals
  48 slime creatures
  2 ynoxinuls (D:14)
  3 vampires (D:11)
  3 humans (D:14)
  A dire elephant simulacrum (IceCv)
  2 wyverns
  7 basilisks
  31 yaks
  3 spriggans (Depths:4)
  A wyvern (shapeshifter) (D:8)
  9 wraiths
  A warg (Orc:2)
  A redback (Vaults:2)
  A steam dragon (D:9)
  A warg (shapeshifter) (D:14)
  Grum (D:8)
  Menkaure (D:7)
  A vampire mosquito (D:8)
  2 death yak simulacra (IceCv)
  48 nagas
  4 chaos spawn
  23 water moccasins
  3 acid dragons
  Duvessa (D:4)
  5 hell hounds (Lair:5)
  34 orc warriors
  An ice beast (D:6)
  3 sky beasts
  21 wolves
  3 laughing skulls
  8 ogres
  8 centaurs
  2 lemures (D:7)
  A phantom (D:5)
  18 bullfrogs
  6 kobold brigands
  3 gnoll sergeants
  5 scorpions
  3 small abominations (Depths:3)
  4 wights
  Dowan (D:4)
  7 killer bees
  2 howler monkeys
  5 electric eels
  An elephant simulacrum (IceCv)
  2 bombardier beetles
  2 centaur zombies (Ossuary)
  A human zombie (Ossuary)
  A gnoll bouda (D:9)
  4 jellies
  15 orc priests
  3 hounds
  3 iguanas
  A sleepcap (D:8)
  Jessica (D:3)
  20 orc wizards
  Terence (D:3)
  4 scorpion zombies (Ossuary)
  2 polar bear simulacra (IceCv)
  A wolf simulacrum (IceCv)
  A boggart simulacrum (D:11)
  3 mummies (Ossuary)
  Robin (D:2)
  6 adders
  8 gnolls
  A shadow imp (D:5)
  A white imp (D:8)
  6 ufetubi
  3 dart slugs (D:4)
  A ribbon worm (D:3)
  65 orcs
  9 endoplasms
  A giant cockroach (D:3)
  19 goblins
  11 hobgoblins
  4 jackals (D:2)
  3 quokkas (D:1)
  6 ball pythons
  4 ball python zombies (Ossuary)
  10 bats
  4 frilled lizards (D:2)
  A gnoll zombie (Ossuary)
  3 jackal zombies (Ossuary)
  22 kobolds
  An orc zombie (Ossuary)
  4 rats
  A spectral weapon (D:15)
  A tentacle (Shoals:4)
1604 creatures vanquished.

Vanquished Creatures (others)
  A satyr (Shoals:3)
  An unseen horror (Depths:3)
  6 tentacles (Shoals:4)
8 creatures vanquished.

Grand Total: 1612 creatures vanquished

Notes
Turn   | Place    | Note
-------+----------+-------------------------------------------
     0 | D:1      | OlivierBoivin the Minotaur Hunter began the quest for the
                  | Orb.
     0 | D:1      | Reached XP level 1. HP: 18/18 MP: 0/0
   144 | D:1      | Reached XP level 2. HP: 25/25 MP: 1/1
   589 | D:1      | Reached skill level 5 in Ranged Weapons
  1016 | D:2      | Found a runed translucent door.
  1017 | D:2      | Noticed Crazy Yiuf
  1066 | D:2      | Reached XP level 3. HP: 31/31 MP: 2/2
  1118 | D:2      | Identified the ring "Fimpaez" {*Corrode ^Drain rPois rF++
                  | MP+9}
  1140 | D:2      | Noticed Sigmund
  1253 | D:2      | Noticed Robin
  1545 | D:2      | Reached XP level 4. HP: 25/40 MP: 3/3
  1706 | D:2      | Killed Robin
  1829 | D:2      | SIGMUD
  1842 | D:3      | Noticed Jessica
  1850 | D:3      | Killed Jessica
  1851 | D:3      | Reached XP level 5. HP: 46/46 MP: 4/4
  2319 | D:3      | Noticed Terence
  2328 | D:3      | Killed Terence
  2507 | D:3      | Found a glowing golden altar of the Shining One.
  2617 | D:4      | Noticed Duvessa
  2655 | D:4      | Killed Duvessa
  2656 | D:4      | Reached skill level 5 in Fighting
  2656 | D:4      | Reached XP level 6. HP: 27/56 MP: 2/5
  2660 | D:4      | Noticed Dowan
  2763 | D:4      | Killed Dowan
  2810 | D:4      | Found Geungi's Magic Scroll Shop.
  2818 | D:4      | Bought a scroll of identify for 22 gold pieces
  2818 | D:4      | Bought a scroll of teleportation for 33 gold pieces
  2818 | D:4      | Bought a scroll of teleportation for 33 gold pieces
  2818 | D:4      | Bought a scroll of identify for 22 gold pieces
  2818 | D:4      | Bought a scroll of identify for 22 gold pieces
  2861 | D:4      | Noticed a water moccasin
  2873 | D:4      | Killed a water moccasin
  2957 | D:4      | Reached XP level 7. HP: 61/61 MP: 6/6
  3297 | D:4      | Found an opulent altar of Gozag.
  3705 | D:5      | Entered Level 5 of the Dungeon
  3889 | D:5      | Found a sand-covered staircase.
  3894 | Ossuary  | Entered an ossuary
  4477 | Ossuary  | Reached XP level 8. HP: 68/71 MP: 7/7
  4642 | D:5      | Found a blossoming altar of Fedhas.
  4807 | D:5      | Reached skill level 10 in Ranged Weapons
  6108 | D:6      | Found a broken altar of Ashenzari.
  6109 | D:6      | Found a sacrificial altar of Ru.
  6110 | D:6      | Found an ornate altar of the Wu Jian Council.
  6110 | D:6      | Found a shadowy altar of Dithmenos.
  6354 | D:6      | Found a shimmering blue altar of Sif Muna.
  6473 | D:7      | Reached XP level 9. HP: 81/81 MP: 8/8
  6556 | D:7      | Noticed Pikel
  6568 | D:7      | Killed Pikel
  7241 | D:7      | Noticed Menkaure
  7245 | D:7      | Killed Menkaure
  7360 | D:7      | Found a staircase to the Ecumenical Temple.
  7371 | Temple   | Entered the Ecumenical Temple
  7380 | Temple   | Became a worshipper of Warmaster Okawaru
  8082 | D:8      | Reached skill level 1 in Armour
  8199 | D:8      | Noticed a two-headed ogre
  8364 | D:8      | Noticed Gastronok
  8434 | D:8      | 2hOgre, escargot, etc etc
  8495 | D:9      | Reached * piety under Okawaru
  8496 | D:9      | Reached XP level 10. HP: 58/90 MP: 9/9
  8790 | D:9      | Noticed a two-headed ogre
  8793 | D:9      | Found a runed translucent door.
  9210 | D:9      | Found a staircase to the Orcish Mines.
  9872 | D:9      | Reached skill level 5 in Armour
 10102 | D:10     | Entered Level 10 of the Dungeon
 10155 | D:10     | Found a flagged portal.
 10176 | Bailey   | Entered a bailey
 10412 | Bailey   | Reached skill level 10 in Fighting
 10419 | Bailey   | Noticed an orc knight
 10454 | Bailey   | Killed an orc knight
 10657 | Bailey   | Found a large runed translucent door.
 10657 | Bailey   | Found a large runed translucent door.
 10658 | Bailey   | Noticed a deep elf zephyrmancer
 10751 | Bailey   | Killed a deep elf zephyrmancer
 10773 | Bailey   | Identified the +0 plate armour of Xugoj {-Cast rCorr Str+4
                  | Dex+6}
 10873 | D:10     | Reached ** piety under Okawaru
 11046 | D:10     | Found a staircase to the Lair.
 11118 | D:10     | Found a glowing silver altar of Zin.
 11202 | D:10     | Reached XP level 11. HP: 78/102 MP: 10/10
 11271 | D:10     | Found a burning altar of Makhleb.
 11560 | D:10     | Reached *** piety under Okawaru
 11613 | D:10     | Identified the ring of Anarchy {^Drain rPois rN+++ rCorr
                  | MP+9}
 12425 | D:10     | Noticed a stone giant
 13019 | D:2      | Found Pelylip's Armour Shoppe.
 13072 | D:2      | Killed Sigmund
 13469 | D:8      | Killed a two-headed ogre
 13586 | D:8      | Killed Gastronok
 13587 | D:8      | Reached skill level 15 in Ranged Weapons
 13666 | D:8      | Noticed Grum
 13675 | D:8      | Killed Grum
 13685 | D:8      | Reached **** piety under Okawaru
 13723 | D:8      | Found a large runed translucent door.
 13725 | D:8      | Found a large runed translucent door.
 13730 | D:8      | Noticed a fire crab
 13749 | D:8      | a fire crab changed into a culicivora
 13827 | D:8      | Found a large runed translucent door.
 13827 | D:8      | Found a large runed translucent door.
 14025 | D:8      | Noticed a catoblepas
 14049 | D:8      | Killed a catoblepas
 14147 | D:8      | a water moccasin changed into a harpy
 14147 | D:8      | Noticed a harpy (shapeshifter)
 14333 | Lair:1   | Entered Level 1 of the Lair of Beasts
 14350 | Lair:1   | Reached skill level 10 in Armour
 14520 | Lair:1   | Reached ***** piety under Okawaru
 14749 | D:10     | Reached XP level 12. HP: 86/112 MP: 11/11
 15082 | D:10     | Killed a stone giant
 15083 | D:10     | Reached skill level 5 in Dodging
 16100 | Lair:1   | Received a gift from Okawaru
 17106 | Lair:2   | Found a staircase to the Snake Pit.
 17642 | Lair:2   | Noticed a catoblepas
 18268 | Lair:2   | Received a gift from Okawaru
 18269 | Lair:2   | Reached skill level 10 in Dodging
 18561 | Lair:3   | Reached XP level 13. HP: 118/118 MP: 12/12
 18753 | Lair:3   | Found a staircase to the Shoals.
 20188 | Lair:4   | Received a gift from Okawaru
 20328 | Lair:4   | Noticed Sonja
 20334 | Lair:4   | Killed Sonja
 20406 | Lair:4   | Identified a scroll of acquirement
 20407 | Lair:4   | Acquired a manual of Armour
 20418 | Lair:4   | Noticed Snorg
 20430 | Lair:4   | Killed Snorg
 20701 | Lair:5   | Entered Level 5 of the Lair of Beasts
 21044 | Lair:4   | Received a gift from Okawaru
 21499 | Lair:5   | Received a gift from Okawaru
 21500 | Lair:5   | Reached skill level 15 in Armour
 21834 | Lair:5   | Found a staircase to the Slime Pits.
 21837 | Lair:5   | Found a viscous altar of Jiyva.
 21956 | Lair:5   | Reached XP level 14. HP: 126/126 MP: 13/13
 22001 | Lair:4   | Reached ****** piety under Okawaru
 22258 | Lair:5   | Received a gift from Okawaru
 22616 | Lair:5   | Found a burning altar of Makhleb.
 22781 | Lair:5   | Found a gateway to Hell.
 22788 | Lair:5   | Identified the +12 mace of Uskayaw's Whim {pain, Fly rPois
                  | rC++ Str-4}
 22809 | Lair:5   | Acquired a +5 longbow of flaming
 22809 | Lair:5   | Received a gift from Okawaru
 22818 | Lair:5   | Acquired a +2 hat of stealth
 22818 | Lair:5   | Received a gift from Okawaru
 23499 | D:11     | Noticed Josephine
 23505 | D:11     | Killed Josephine
 23517 | D:11     | Received a gift from Okawaru
 23796 | D:11     | Identified the +3 scimitar "Duddidoe" {flame, rF+ Str+2}
 24060 | D:12     | Identified the +1 ring mail of Disguise {rF+ SInv}
 24211 | D:12     | Found a transporter.
 24213 | D:12     | Found Nevoobba's Antique Weapon Boutique.
 24251 | D:12     | Found a runed translucent door.
 24253 | D:12     | Noticed Driedwater's ghost (journeyman DsCK)
 24263 | D:12     | Found a frozen archway.
 24274 | IceCv    | Entered an ice cave
 24423 | IceCv    | Got the Parchment of the Snowflakes
 24579 | D:12     | Found Ypsyuhav's Antique Armour Emporium.
 24609 | D:12     | Found a transporter.
 24718 | D:12     | Found Naosutejet's Book Shoppe.
 24940 | D:13     | Found a flickering gateway to a bazaar.
 24947 | Bazaar   | Entered a bazaar
 24968 | Bazaar   | Found Lisaj's Antique Armour Boutique.
 24982 | Bazaar   | Found Cuhely's Weapon Shop.
 24996 | Bazaar   | Found Damadeg's Antique Armour Boutique.
 25010 | Bazaar   | Found Mopsax's Distillery.
 25018 | Bazaar   | Bought a potion of ambrosia for 80 gold pieces
 25018 | Bazaar   | Bought a potion of ambrosia for 80 gold pieces
 25024 | Bazaar   | Found Heoghar's Book Boutique.
 25038 | Bazaar   | Found Wocilisk's Assorted Antiques.
 25046 | Bazaar   | Bought a scroll of poison for 100 gold pieces
 25072 | Bazaar   | Bought 2 potions of haste for 500 gold pieces
 25698 | D:13     | Reached skill level 1 in Invocations
 25709 | D:13     | Reached skill level 1 in Evocations
 25903 | D:13     | Received a gift from Okawaru
 25960 | D:13     | Found a gate to the Vaults.
 26160 | D:13     | Identified the +4 ring mail of Fedhas's Grace {Int+4 SInv}
 26895 | D:15     | Entered Level 15 of the Dungeon
 26900 | D:15     | Noticed Rupert
 26928 | D:14     | Killed Rupert
 27113 | D:15     | Found a runed translucent gate.
 27129 | D:15     | Noticed Agnes
 27138 | D:15     | Noticed Kirke
 27158 | D:14     | Reached XP level 15. HP: 100/134 MP: 16/16
 27329 | D:15     | Received a gift from Okawaru
 27798 | Orc:1    | Entered Level 1 of the Orcish Mines
 27801 | Orc:1    | Found Resua's Antique Armour Shoppe.
 27808 | Orc:1    | Noticed Urug
 27814 | Orc:1    | Killed Urug
 27875 | Orc:2    | Entered Level 2 of the Orcish Mines
 27988 | Orc:1    | Reached skill level 5 in Invocations
 27994 | Orc:1    | Noticed Erica
 27998 | Orc:1    | Noticed Maurice
 28000 | Orc:1    | Killed Erica
 28033 | Orc:1    | Killed Maurice
 28253 | Orc:2    | Reached skill level 5 in Evocations
 28279 | Orc:1    | Found Jorheep's Mass Market.
 28775 | Orc:2    | Received a gift from Okawaru
 28877 | Orc:2    | Found Aromoup's Antique Weapon Shoppe.
 28924 | Orc:2    | Found Weocu's General Store.
 28938 | Orc:2    | Bought 3 scrolls of enchant armour for 337 gold pieces
 28938 | Orc:2    | Bought a scroll of fear for 60 gold pieces
 28938 | Orc:2    | Bought a scroll of poison for 60 gold pieces
 28948 | Orc:2    | Found a staircase to the Elven Halls.
 29010 | Orc:2    | Found Veeptiuc's Jewellery Emporium.
 29017 | Orc:2    | Bought a ring of the Octopus King {Fly HP+2 AC+2 EV+2 SH+2}
                  | for 700 gold pieces
 29017 | Orc:2    | Found the ring of the Octopus King {Fly HP+2 AC+2 EV+2
                  | SH+2}
 29037 | Orc:2    | Found a runed translucent gate.
 29038 | Orc:2    | Found a runed translucent gate.
 29039 | Orc:2    | Found a runed translucent gate.
 29043 | Orc:2    | Noticed hawla's ghost (journeyman FeSh)
 29157 | Orc:2    | Found Vuduivug's Antique Armour Boutique.
 29333 | Orc:2    | Found Lutuiff's Book Emporium.
 29560 | Orc:2    | Killed hawla's ghost
 29773 | D:14     | Killed Kirke
 30060 | D:15     | Killed Agnes
 30196 | D:15     | Found a staircase to the Depths.
 30246 | D:15     | Found a runed translucent gate.
 30246 | D:15     | Found a runed translucent gate.
 30247 | D:15     | Noticed an acid blob
 30247 | D:15     | Noticed Kuralita's ghost (journeyman OpSh)
 30284 | D:15     | Noticed a rockslime
 30321 | D:15     | Found a viscous altar of Jiyva.
 30941 | Snake:1  | Entered Level 1 of the Snake Pit
 31190 | Snake:1  | Reached XP level 16. HP: 107/143 MP: 19/19
 31369 | Snake:1  | Received a gift from Okawaru
 31736 | Snake:1  | Found Zefiatoy's Antique Armour Shoppe.
 33019 | Snake:2  | Received a gift from Okawaru
 34280 | Snake:3  | Received a gift from Okawaru
 34597 | Snake:3  | Reached skill level 15 in Fighting
 35119 | Snake:3  | Identified the +0 leather armour of Egalitarianism {rF+
                  | Int+4 Dex-4 Stlth+}
 35318 | Snake:4  | Entered Level 4 of the Snake Pit
 35439 | Snake:4  | Reached XP level 17. HP: 156/156 MP: 23/23
 35457 | Snake:4  | Found Sewuqa's Jewellery Boutique.
 35537 | Snake:4  | Reached skill level 10 in Invocations
 35547 | Snake:4  | Received a gift from Okawaru
 35861 | Snake:4  | Reached skill level 15 in Dodging
 36125 | Snake:4  | Received a gift from Okawaru
 36493 | Snake:4  | Received a gift from Okawaru
 36635 | Snake:4  | Got a serpentine rune of Zot
 36788 | Snake:4  | Reached skill level 10 in Evocations
 37473 | Shoals:1 | Entered Level 1 of the Shoals
 37864 | Shoals:1 | Identified the serpent talisman of the Hidden Vale {Int+2}
 37864 | Shoals:1 | Noticed Aizul
 37875 | Shoals:1 | Killed Aizul
 38036 | Shoals:1 | Noticed Witt's ghost (adept GrFi)
 38064 | Shoals:1 | Found a transporter.
 38067 | Shoals:1 | Found a transporter.
 38660 | Shoals:2 | Received a gift from Okawaru
 38670 | Shoals:2 | Reached XP level 18. HP: 168/168 MP: 24/24
 39886 | Shoals:3 | Identified the granite talisman of the Wheelwright {rF+ rN+
                  | Str-4 Dex+2}
 40321 | Shoals:4 | Entered Level 4 of the Shoals
 40445 | Shoals:4 | Received a gift from Okawaru
 40584 | Shoals:4 | Got a barnacled rune of Zot
 41469 | Shoals:4 | Got the Treatise on Formulae
 41940 | Vaults:1 | Entered Level 1 of the Vaults
 42038 | Vaults:1 | Received a gift from Okawaru
 42596 | Vaults:1 | Found Couz's Magic Scroll Emporium.
 42881 | Vaults:1 | Received a gift from Okawaru
 43117 | Vaults:1 | Reached XP level 19. HP: 164/184 MP: 25/25
 43517 | Vaults:2 | Received a gift from Okawaru
 43993 | Vaults:2 | Received a gift from Okawaru
 44601 | Vaults:2 | Found a staircase to the Crypt.
 45189 | Vaults:3 | Received a gift from Okawaru
 45821 | Vaults:3 | Found Keqifoe's Distillery.
 45829 | Vaults:3 | Bought a potion of heal wounds for 80 gold pieces
 45829 | Vaults:3 | Bought 2 potions of haste for 320 gold pieces
 46083 | Vaults:3 | Received a gift from Okawaru
 46141 | Vaults:3 | Reached XP level 20. HP: 193/193 MP: 26/26
 46920 | Vaults:4 | Reached skill level 15 in Evocations
 47002 | Vaults:4 | Received a gift from Okawaru
 47176 | Vaults:4 | Found a runed translucent door.
 47176 | Vaults:4 | Found a shimmering altar of Xom.
 47176 | Vaults:4 | Noticed Feplao's ghost (adept DgSh)
 47837 | Vaults:4 | Received a gift from Okawaru
 48602 | Depths:1 | Entered Level 1 of the Depths
 49675 | Depths:1 | Noticed Boris
 49693 | Depths:1 | Killed Boris
 50404 | Depths:2 | Noticed Boris
 50423 | Depths:2 | Killed Boris
 50616 | Depths:2 | Received a gift from Okawaru
 50651 | Depths:2 | Found a one-way gateway to a ziggurat.
 50709 | Depths:2 | Paralysed by something for 3 turns
 51113 | Depths:1 | Paralysed by something for 5 turns
 51614 | Depths:2 | Noticed an ancient lich
 51619 | Arena    | Entered the Arena
 51633 | Arena    | Killed an ancient lich
 51749 | Depths:2 | Reached XP level 21. HP: 189/201 MP: 30/30
 51817 | Depths:2 | Received a gift from Okawaru
 52294 | Depths:2 | Identified the ring "Ruomagou" {Ice *Slow rElec Str+5}
 53132 | Depths:3 | Received a gift from Okawaru
 53216 | Depths:3 | Found a one-way gate to the infinite horrors of the Abyss.
 53453 | Depths:3 | Noticed a golden dragon
 53930 | Depths:3 | Killed a golden dragon
 53960 | Depths:3 | Received a gift from Okawaru
 54044 | Depths:3 | Paralysed by a sphinx for 2 turns
 54074 | Depths:3 | Found a one-way gate leading to the halls of Pandemonium.
 54572 | Depths:3 | Noticed a golden dragon
 54591 | Depths:3 | Killed a golden dragon
 54591 | Depths:3 | Received a gift from Okawaru
 55024 | Depths:4 | Entered Level 4 of the Depths
 55660 | Depths:4 | Noticed the Enchantress
 55664 | Arena    | Entered the Arena
 55678 | Arena    | Killed the Enchantress
 55679 | Arena    | Reached XP level 22. HP: 157/215 MP: 20/31
 55918 | Depths:4 | Reached skill level 1 in Stealth
 56128 | Depths:4 | Found a gate to the Realm of Zot.
 56130 | Depths:4 | Noticed a golden dragon
 56144 | Depths:4 | Killed a golden dragon
 56352 | Depths:4 | Reached skill level 5 in Stealth
 56646 | Depths:4 | Found a sparkling altar of Nemelex Xobeh.
 56989 | Vaults:5 | Entered Level 5 of the Vaults
 57503 | Vaults:4 | Received a gift from Okawaru
 57790 | Vaults:5 | Paralysed by a sphinx for 3 turns
 57792 | Vaults:5 | HP: 10/217 [tengu reaver/+0 battleaxe (27)]
 57792 | Vaults:5 | Slain by an ironbound convoker

Illustrated notes

<........#...### #..#.......#..
.)...#...###...## #..#.#...#.#..
.......#.#####..####..#.......#..
......................##.....##..
.....###.######.####..###.⌠.###..
....####.# #........#######...
#.....##.# #####............#.
#.....##.# #####......).....)..
......##.#####..@..#.##.#.....†.)
...............#####.##.########)
..#...##.####### #.#..# #.
###...##.# #.#.###### ## #
#...##.# #.)..#...## # #...##.#
##.).......## # ##..##.####
#...........# # ##.......#
#...........# # ##.^....#
#####)..........#


Turn 1829 on D:2: SIGMUD ......####.## ......#....[# ###.........# #.#.#.###.#
#.#.#..<#.# #.#.#...#.# #.#.#####.# ###.#.......###### ....)......[...)@#
###........)####.# .[).....O<#.# #.# ###########.# #.# ##### #.# #.# ....#####
#.# #.# ........# #.# #.# ........# #.# #.# ........###.####.# Turn 8434 on D:8:
2hOgre, escargot, etc etc

Levels and vault maps discovered:
D:1:      giann_wishing_wells, layout_loops_ring, kennysheep_decorative_pillar,
          grunt_decor_one_mirror, st_stairs_2
D:2:      cheibrodos_pilgrimage, layout_rooms, serial_shops, shop, uniq_robin,
          uniq_sigmund, uniq_crazy_yiuf_cottage
D:3:      layout_rooms, nicolae_tso_swordbearing_angel, uniq_jessica,
          uniq_terence
D:4:      layout_cave_pools, nicolae_overflow_hidden_temple, serial_shops,
          nicolae_shop_temple_entry_statues_fountains, uniq_duvessa
D:5:      wander_river, layout_rooms, mainiacjoe_overflow_small_starburst,
          enter_ossuary_2, lightli_corner_chamber
D:6:      layout_basic, mainiacjoe_overflow_alcove_3, tgw_sif
D:7:      layout_loops_ring, minmay_temple_entry_proselytizer,
          serial_bayou_pond_e, uniq_menkaure, uniq_pikel
D:8:      layout_basic, grunt_ministairs_15, minmay_hollow_rounded_squares,
          uniq_grum, uniq_gastronok
D:9:      layout_grid_maze, orc_0_dummy, nicolae_two_hexagons,
          hangedman_decor_lopped, minmay_st_funbox, kb_lookout_dungeons_type
D:10:     layout_irregular_city, old_standard_altar,
          nicolae_overflow_crystal_walls, due_lair_maze_entry_diamond,
          enter_bailey_3, serial_co_window_serial, co_window_paths_a,
          co_window_of_opportunity_a, co_window_paths_b, co_window_paths_a,
          co_window_paths_b, co_window_2corner, co_window_corner_cb,
          co_window_broadway_c, co_window_broadway_b, co_window_2corner,
          co_window_corner_b, glass_columns_b, glass_columns_a,
          minmay_three_doors
D:11:     layout_basic, minmay_diamond_spiral, uniq_josephine
D:12:     layout_long_grid, serial_shops, nicolae_shop_drivethru,
          nicolae_shop_just_a_little_nook, nicolae_shop_crystal,
          portal_ice_cave_entry_pillars_2, ebering_ghost_inner_flame,
          gauntlet_entry_generic
D:13:     layout_grid_maze, david_vaults_1, serial_shops, bzr_entry_dummy,
          hive_lemuel
D:14:     layout_loops_ring, minmay_tree_intersection
D:15:     hellmonk_depths_entry_around_the_bend, layout_cave_pools,
          serial_demonic, serial_demonic_e, serial_demonic_b, serial_demonic_b,
          serial_demonic_a, hangedman_decor_clover_reticule,
          gammafunk_ghost_ooze, uniq_agnes, uniq_rupert, uniq_kirke
Temple:   hellmonk_temple_two_chambers
Lair:1:   layout_loops_ring
Lair:2:   layout_roguey, nicolae_snake_entry_squirm, lemuel_fruit_tree
Lair:3:   layout_cave_pods, elwin_shoals_entry_rocks
Lair:4:   layout_gridlike, uniq_sonja, uniq_snorg
Lair:5:   evil_forest, layout_small_grid, dpeg_slime_entry_corner,
          grunt_megastairs_5, infiniplex_staircase_pool, serial_bayou_shore_b,
          lemuel_fruit_fields
Shoals:1: layout_shoals, ebering_ghost_davey_jones, uniq_aizul
Shoals:2: layout_shoals
Shoals:3: layout_shoals
Shoals:4: shoals_end_grunt_ice, layout_shoals
Snake:1:  cheibrodos_snake_lava_hold, layout_gridlike, serial_shops, shop,
          nicolae_snake_gridmaze_squiggle
Snake:2:  layout_cave_town, hangedman_snake_pattern
Snake:3:  layout_onion, grunt_megastairs_1
Snake:4:  snake_pit, layout_gridlike, serial_shops, shop, serial_bayou_shore_a
Orc:1:    layout_diamond_mine, serial_shops, shop, minmay_shop_mass,
          uniq_maurice, uniq_erica, uniq_urug
Orc:2:    grunt_orc_gardens, layout_diamond_mine, grunt_orc_garden,
          grunt_orc_garden, grunt_orc_garden, grunt_orc_garden, serial_shops,
          shop, basic_altar, ebering_ghost_rock_garden
Vaults:1: st_diamondy, nicolae_vaults_steering_wheel,
          hangedman_vaults_variations, nicolae_vaults_network_barrier,
          nicolae_vaults_closet_pinwheel_2, nicolae_vaults_network_square,
          grunt_vaults_trifunnel, nicolae_vaults_cochlea,
          serial_library_hellmonk_open_square, vaults_room_stairs_pillars,
          layout_vaults_maze, serial_shops, nicolae_shop_peninsula
Vaults:2: v_misc_26, minmay_crypt_entry_simple_plaza, hangedman_vaults_capsules,
          grunt_vaults_diagonal, vaults_standard_mumra_lines, st_more_cells,
          hangedman_vaults_restitches, nicolae_vaults_little_squares_4,
          vaults_mumra_minichess_inversion, nicolae_vaults_alarming,
          nicolae_vaults_oval_intersection, nicolae_vaults_shelves_hall,
          nicolae_vaults_cochlea, layout_vaults_omnibox
Vaults:3: nicolae_vaults_security_offices_1, vaults_room_boxed,
          nicolae_vaults_triangles, ontoclasm_vaults_twist,
          nicolae_vaults_little_squares_2, v_misc_11, grunt_vaults_funnel,
          nicolae_vaults_closet_pinwheel_4, nicolae_vaults_tetromino_T_1,
          nicolae_vaults_yaktaur_gun_rack, layout_vaults_ring, serial_shops,
          nicolae_shop_waterfront
Vaults:4: ebering_ghost_xom, nicolae_vaults_circle_grid_b,
          nicolae_vaults_door_testing_chamber, vaults_room_fancy_cross,
          vaults_mumra_hex, nicolae_vaults_network_periphery, v_misc_9,
          nicolae_vaults_big_ls, nicolae_vaults_security_offices_5,
          vaults_room_door_ring, vaults_room_door_ring, v_misc_12, v_misc_16,
          nicolae_vaults_octothorpe, layout_vaults_omnigrid
Vaults:5: uniq_margery
Depths:1: layout_basic, hangedman_tar_grid_catacomb, corexii_corridor_pit,
          nicolae_houndstooth_variations, uniq_boris
Depths:2: minmay_tri_stars, layout_gridville, enter_ziggurat_d, hell_entry,
          rand_demon_pan_entry_8, kennysheep_generic_room_10,
          minmay_staircase_windowed_small, serial_bayou_shore_b, firewood_loft
Depths:3: evilmike_diamond_2, layout_gridlike, minmay_room_of_horrors,
          pan_entry, hangedman_decor_diamond_cutter, hell_entry,
          serial_bayou_shore_b
Depths:4: grunt_zot_entry_tricorne, layout_gridville, hell_entry,
          nemelex_diamond_rough_becter, grunt_pan_entry_zigzag, uniq_enchantress

Skill      XL: |  1  2  3  4  5  6  7  8  9 10 11 12 13 14 15 16 17 18 19 20 21 22 |
---------------+-------------------------------------------------------------------+-----
Fighting       | 3 4 5 6 8 11 12 13 15 16 19 20 21 22 | 22.0
Ranged Weapons | 5 6 7 8 9 11 14 16 17 18 20 | 20.0
Armour         | 3 8 10 12 15 20 21 22 | 22.0
Dodging        | 3 11 12 14 15 17 18 19 20 | 20.0
Invocations    | 3 6 9 10 14 | 14.0
Evocations     | 3 5 10 14 15 | 15.0
Stealth        | 7 |  7.6

Action                     |  1- 3 |  4- 6 |  7- 9 | 10-12 | 13-15 | 16-18 | 19-21 | 22-24 || total
---------------------------+-------+-------+-------+-------+-------+-------+-------+-------++-------
   Fire: Shortbow          |   137 |   151 |   583 |   401 |       |       |       |       ||  1272
         Orcbow            |       |       |       |   644 |    48 |       |       |       ||   692
         Arbalest          |       |       |       |       |   436 |       |       |       ||   436
         Longbow           |       |       |       |       |   824 |  1657 |  1906 |   311 ||  4698
  Throw: Dart              |       |       |    20 |    55 |       |       |       |       ||    75
         Throwing net      |       |       |       |     1 |       |       |       |       ||     1
 Invoke: Heroism           |       |       |       |    13 |    12 |     2 |     1 |       ||    28
         Finesse           |       |       |       |     1 |    10 |     5 |    13 |     3 ||    32
         Receive Weapon    |       |       |       |       |     1 |       |       |       ||     1
         Receive Armour    |       |       |       |       |     1 |       |       |       ||     1
         Duel              |       |       |       |       |       |       |     2 |       ||     2
  Evoke: Wand              |       |     1 |    12 |    34 |       |       |     3 |       ||    50
         Phial of floods   |       |       |       |     1 |       |       |     1 |       ||     2
         Tin of tremorston |       |       |       |     1 |       |     4 |     4 |     1 ||    10
    Use: Scroll            |       |     8 |    14 |    11 |    26 |     1 |     6 |       ||    66
         Potion            |       |     2 |     1 |     6 |     5 |     2 |     8 |     1 ||    25
 Armour: Leather armour    |    16 |       |       |       |       |       |       |       ||    16
         Ring mail         |    14 |    41 |   118 |       |       |       |       |       ||   173
         Scale mail        |       |       |   119 |   545 |   519 |   363 |   696 |   180 ||  2422
         Robe              |       |       |     5 |       |       |       |       |       ||     5
         Skin              |       |       |       |       |     4 |       |       |       ||     4
  Dodge: Dodged            |    47 |    31 |   116 |   617 |   953 |   507 |   899 |   207 ||  3377
  Block: Other             |       |       |       |       |     9 |    38 |    43 |    12 ||   102
